 Dungeon Crawl Stone Soup version 0.17-a0-1446-gc28613e (webtiles) character file.

209767 wotan the Brawler (level 18, -2/151 HPs)
             Began as a Ghoul Monk on June 27, 2015.
             Was the Champion of Makhleb.
             Slain by an alligator snapping turtle (8 damage)
             ... on level 4 of the Shoals on June 28, 2015.
             The game lasted 03:31:04 (41662 turns).

wotan the Brawler (Ghoul Monk)                     Turns: 41662, Time: 03:31:07

Health: -2/151     AC: 25    Str: 17    XL:     18   Next: 83%
Magic:  26/26      EV: 15    Int: 13    God:    Makhleb [******]
Gold:   2255       SH: 15    Dex: 18    Spells: 0 memorised, 17 levels left

rFire  + + .     SeeInvis +       - Unarmed
rCold  + . .     Clarity  .     c - +5 scale mail of the Lost Path {Int+5}
rNeg   + + +     SustAt   .     J - +2 shield "Tel Otte" {Dex+4}
rPois  ∞         Gourm    .     Q - +2 helmet {SInv}
rElec  .         Spirit   .     y - +2 cloak {rF+}
rCorr  .         Warding  .     (no gloves)
rMut   .         Stasis   .     g - +2 pair of boots
MR     ++...                    r - amulet of regeneration
Stlth  +++.......               U - ring of protection from magic
                                R - ring of protection from fire

@: manticore barbs, mesmerised, rotting, very resistant to hostile enchantments,
fairly stealthy
A: rotting body, claws 1, carnivore 3, cold resistance 1, negative energy
resistance 3, slow healing 1, torment resistance, unbreathing
a: Minor Destruction, Lesser Servant of Makhleb, Major Destruction, Greater
Servant of Makhleb, Renounce Religion
}: 1/15 runes: gossamer


You were on level 4 of the Shoals.
You worshipped Makhleb.
Makhleb was exalted by your worship.
You were very hungry.

You visited 6 branches of the dungeon, and saw 36 of its levels.
You also visited: Ossuary, Ice Cave and Volcano.

You collected 3344 gold pieces.
You spent 1089 gold pieces at shops.

Inventory:

Hand weapons
 a - a +1 blowgun
Missiles
 v - 154 poisoned needles
Armour
 c - the +5 scale mail of the Lost Path (worn) {Int+5}
   (You bought it in a shop on level 12 of the Dungeon)

   It affects your intelligence (+5).
 g - a +2 pair of boots (worn)
 y - a +2 cloak of fire resistance (worn)
 A - the +6 chain mail of the Good {rElec rF++ MR- Str+3}
   (You found it on level 7 of the Dungeon)

   It affects your strength (+3).
   It greatly protects you from fire.
   It insulates you from electricity.
   It affects your resistance to hostile enchantments.
 J - the +2 shield "Tel Otte" (worn) {Dex+4}
   (You found it on level 8 of the Dungeon)

   It affects your dexterity (+4).
 Q - a +2 helmet of see invisible (worn)
Rods
 d - a +4 lightning rod (14/14)
   (You found it on level 8 of the Lair of Beasts)
Jewellery
 i - an uncursed amulet of resist corrosion
 r - an amulet of regeneration (around neck)
 R - a ring of protection from fire (left claw)
 S - an uncursed ring of flight
 U - a ring of protection from magic (right claw)
Magical devices
 m - a wand of lightning (12)
 q - a wand of fireball (7)
 u - a wand of teleportation (4)
 x - a wand of cold (8)
 B - a wand of polymorph (10)
 E - a wand of draining (6)
 F - a wand of heal wounds (6)
 G - a wand of invisibility (5)
 M - a wand of digging (9)
 Y - a wand of disintegration (13)
Scrolls
 f - a scroll of summoning
 n - 2 scrolls of enchant armour
 s - 2 scrolls of identify
 H - 14 scrolls of teleportation
 I - 3 scrolls of magic mapping
 N - 3 scrolls of recharging
 T - 5 scrolls of amnesia
 V - 6 scrolls of fog
 W - 4 scrolls of blinking
 X - 5 scrolls of fear
 Z - 12 scrolls of remove curse
Potions
 e - 4 potions of might
 h - 2 potions of flight
 k - 3 potions of resistance
 o - 4 potions of invisibility
 w - 6 potions of curing
 z - 4 potions of brilliance
 K - 3 potions of cancellation
Books
 p - a book of the Earth

   Spells                             Type                      Level
   a - Leda's Liquefaction            Hexes/Earth                  4
   b - Bolt of Magma                  Conjuration/Fire/Earth       5
   c - Statue Form                    Transmutation/Earth          6
   d - Iron Shot                      Conjuration/Earth            6
   e - Shatter                        Earth                        9
 t - a book of Flames

   Spells                             Type                      Level
   a - Flame Tongue                   Conjuration/Fire             1
   b - Throw Flame                    Conjuration/Fire             2
   c - Conjure Flame                  Conjuration/Fire             3
   d - Inner Flame                    Hexes/Fire                   3
   e - Sticky Flame                   Conjuration/Fire             4
   f - Fireball                       Conjuration/Fire             5
 C - a book of Conjurations

   Spells                             Type                      Level
   a - Magic Dart                     Conjuration                  1
   b - Searing Ray                    Conjuration                  2
   c - Dazzling Spray                 Conjuration/Hexes            3
   d - Fulminant Prism                Conjuration/Hexes            4
   e - Iskenderun's Mystic Blast      Conjuration                  4
   f - Iskenderun's Battlesphere      Conjuration/Charms           5
Miscellaneous
 O - a sack of spiders
 P - a lamp of fire
Comestibles
 b - 15 meat rations
 l - 10 slices of pizza
 D - a royal jelly
 L - 3 beef jerkies


   Skills:
 - Level 11.2 Fighting
 + Level 13.3 Armour
 - Level 9.0 Dodging
 - Level 7.0 Stealth
 - Level 13.0 Shields
 - Level 18.8 Unarmed Combat
 - Level 13.2 Invocations
 - Level 6.9 Evocations


You had 17 spell levels left.
You didn't know any spells.

Dungeon Overview and Level Annotations

Branches:
Dungeon (15/15)            Temple (1/1) D:6            Lair (8/8) D:8
 Shoals (4/4) Lair:6       Spider (4/4) Lair:4        Slime (0/6) Lair:6
    Orc (4/4) D:12            Elf (0/3) Orc:4        Vaults (0/5) D:13
 Depths (0/5) D:15

Altars:
Ashenzari
Cheibriados
Dithmenos
Elyvilon
Fedhas
Gozag
Kikubaaqudgha
Makhleb
Nemelex Xobeh
Okawaru
Qazlal
Ru
Sif Muna
Trog
Vehumet
Xom
Yredelemnul
Zin
The Shining One
Beogh
Jiyva

Shops:
D:12 [   D:13 }   Orc:1 [[[   Orc:2 }   Orc:3 :   Orc:4 :(*[

Portals:
Hell: Lair:8

Annotations:
D:12 Rupert


Innate Abilities, Weirdness & Mutations

Your body is rotting away.
You thrive on raw meat.
You are immune to poison.
You have sharp fingernails.
You are carnivorous and can eat meat at any time.
Your flesh is cold resistant.
You are immune to negative energy.
You heal slowly when monsters are visible.
You are immune to unholy pain and torment.
You can survive without breathing.


Message History

The siren chants its luring song.
You mangle the snapping turtle!!
The snapping turtle begins to bleed from its wounds!
The snapping turtle is severely wounded.
The alligator snapping turtle bites you from afar!
* * * LOW HITPOINT WARNING * * *
The merfolk avatar chants a haunting song.
You resist with almost no effort. The snapping turtle bites you!
* * * LOW HITPOINT WARNING * * *
You block the manticore's attack. The manticore barely misses you.
You block the manticore's attack.
Drink which item? (? for menu, Esc to quit)
You feel better.
Your hellwing hits the manticore. Your hellwing hits the manticore.
The siren chants its luring song.
The manticore flicks its tail.
The volley of spikes hits you!
The barbed spikes become lodged in your body.
* * * LOW HITPOINT WARNING * * *
The alligator snapping turtle bites you from afar!
You die...

≈≈≈≈≈≈≈≈≈≈≈≈≈≈≈≈≈≈≈≈≈≈≈≈≈≈≈≈≈≈≈≈.
≈≈≈≈≈≈≈≈≈≈≈≈≈≈%....≈≈≈≈≈≈≈≈≈≈≈≈≈.
≈≈≈≈≈≈≈≈≈≈.........≈≈≈≈≈≈≈≈≈≈≈≈≈≈
≈≈≈≈≈≈≈≈≈..........≈m≈≈≈≈≈≈≈≈≈≈≈≈
≈≈≈≈≈≈≈≈≈...........≈≈≈≈≈≈≈≈≈≈≈≈≈
≈≈≈≈≈≈≈≈≈....4H.....≈≈≈≈≈≈≈≈≈≈≈≈≈
≈≈≈******#..≈≈..t..≈.≈≈....≈≈≈≈≈≈
≈≈**≈≈≈≈≈*#.≈≈.....≈......(≈≈≈≈≈≈
≈**≈*,,,,≈##≈..t@.m≈≈......≈≈≈≈≈≈
≈*≈*,,≈≈,,≈#≈..H###≈≈≈≈.....≈≈≈≈≈
≈*≈,,≈*≈*,,#≈..##.....≈........≈≈
≈*≈,≈**≈≈,,#≈≈##..≈≈≈..#.........
≈*≈,≈≈≈≈,*,#≈≈##.≈≈≈≈≈)..........
≈*≈,,*≈,,,,#.≈P#.≈≈≈≈≈######.....
≈**≈,,,*,,*.≈≈##.≈≈≈≈≈.,,,,##....
≈≈**≈,,,,*≈.≈P.#..≈≈≈..≈≈≈,,#....
≈≈≈******≈≈≈≈..##.....≈≈≈≈≈,##...


You could see an alligator snapping turtle, a merfolk avatar, a snapping turtle
(bleeding), 2 manticores, a siren and a friendly hellwing.

Vanquished Creatures
  Arachne (Spider:3)
  Agnes (Spider:3)
  The ghost of Multipenetrator the Warrior, a powerful MiGl of the Shining One (Lair:2)
  8 emperor scorpions
  An orc warlord (Orc:3)
  A frost giant (IceCv)
  The ghost of ztt the Severer, a powerful MiFi of Okawaru (Lair:6)
  2 dire elephants (Lair:8)
  3 merfolk javelineers
  9 merfolk impalers
  Josephine (Lair:5)
  The ghost of pulse the Cleaver, a powerful HONe of Beogh (D:10)
  An ogre mage (D:13)
  4 hydras
  3 merfolk avatars
  An alligator snapping turtle (Shoals:4)
  Erica (D:8)
  A merfolk aquamancer (Shoals:4)
  A queen ant (Spider:1)
  2 satyrs
  3 centaur warriors
  2 tengu warriors (D:15)
  5 death yaks (Lair:8)
  5 orc high priests
  The ghost of herpmino the Covert, an experienced OpFi of Ru (D:9)
  A sun demon (Lair:8)
  A skeletal warrior (D:13)
  An unseen horror (D:15)
  7 hill giants
  8 sea snakes
  An ice statue (IceCv)
  A wizard (Lair:8)
  Pikel (D:5)
  12 orb spiders
  3 orc sorcerers (Orc:4)
  13 fauns
  3 orc knights
  21 ugly things
  17 wolf spiders
  9 griffons
  5 hornets
  5 harpies
  A water nymph (Shoals:1)
  5 cyclopes
  3 manticores
  7 sirens
  7 black mambas
  3 moths of wrath
  13 elephants
  Joseph (D:10)
  5 orange demons (Lair:8)
  A smoke demon (Lair:8)
  3 kobold demonologists
  2 gargoyles
  2 efreet
  10 komodo dragons
  2 molten gargoyles (Lair:8)
  A yaktaur (D:15)
  11 spiny frogs
  A yaktaur (shapeshifter) (D:15)
  A blue devil (Lair:8)
  2 red devils (Lair:8)
  8 demonic crawlers
  2 tengu conjurers (D:15)
  A hellwing (Lair:8)
  A two-headed ogre (shapeshifter) (D:15)
  23 jumping spiders
  25 merfolk
  3 wind drakes
  2 fire drakes
  15 polar bears
  7 trolls
  38 blink frogs
  5 snapping turtles
  A trapdoor spider zombie (D:14)
  6 slime creatures (D:15)
  2 boulder beetles
  4 wyverns
  2 two-headed ogres (D:13)
  37 redbacks
  21 trapdoor spiders
  20 tarantellas
  A deep elf fighter (Lair:1)
  2 shadows
  6 water elementals
  7 wraiths
  87 yaks
  A fire elemental (Volcano)
  9 hippogriffs
  3 basilisks
  47 wolves
  3 hungry ghosts
  7 wargs
  2 hell hounds (Lair:8)
  11 porcupines
  Duvessa (D:6)
  14 ice beasts
  24 soldier ants
  28 spiders
  5 sky beasts
  3 phantoms
  9 water moccasins
  33 orc warriors
  A black bear (Lair:3)
  A spider (shapeshifter) (D:14)
  2 eyes of draining
  4 slaves
  2 wasps
  17 ogres
  A necrophage (D:6)
  12 crocodiles
  19 centaurs
  4 boggarts
  13 big kobolds
  3 elf zombies
  31 giant frogs
  2 gnoll sergeants
  Dowan (D:6)
  A wyvern skeleton (D:13)
  2 wyvern zombies
  3 scorpions
  7 wights
  10 killer bees
  5 electric eels
  6 crimson imps
  3 quasits
  A giant frog zombie (D:7)
  4 human zombies
  4 centaur zombies
  Crazy Yiuf (D:3)
  A human skeleton (D:8)
  9 hounds
  30 orc wizards
  10 iguanas
  33 worker ants
  6 centaur skeletons
  2 giant frog skeletons
  Terence (D:3)
  32 orc priests
  28 sheep
  A giant frog simulacrum (D:10)
  3 big kobold zombies (Ossuary)
  2 hound zombies
  A hound skeleton (D:4)
  4 mummies
  Robin (D:2)
  25 gnolls
  A worker ant zombie (D:11)
  19 adders
  9 white imps (D:10)
  91 river rats
  4 shadow imps
  3 oozes
  An ufetubus (D:10)
  An adder skeleton (D:9)
  An adder zombie (Ossuary)
  3 worms
  8 giant geckos
  174 orcs
  A ball python (D:3)
  A bat skeleton (D:8)
  2 bat zombies (D:9)
  11 giant cockroaches
  53 hobgoblins
  4 quokkas
  19 bats
  A giant gecko zombie (D:8)
  7 giant newts
  55 goblins
  A goblin zombie (Ossuary)
  8 hobgoblin zombies (Ossuary)
  A jackal zombie (Ossuary)
  26 kobolds
  10 kobold zombies (Ossuary)
  9 orc zombies
  21 rats
  2 rat zombies (Ossuary)
  A butterfly (Lair:5)
  A fire vortex (Volcano)
1674 creatures vanquished.

Vanquished Creatures (collateral kills)
  An orc warrior (D:12)
  2 orc wizards (D:12)
  An orc (D:12)
4 creatures vanquished.

Vanquished Creatures (others)
  A polar bear (IceCv)
  A yak (IceCv)
  A redback (Spider:4)
  A wolf (IceCv)
  A tarantella (Spider:2)
  A crimson imp (D:10)
  4 fungi
  A plant (Shoals:4)
11 creatures vanquished.

Grand Total: 1689 creatures vanquished

Notes
Turn   | Place    | Note
--------------------------------------------------------------
     0 | D:1      | wotan the Ghoul Monk began the quest for the Orb.
     0 | D:1      | Reached XP level 1. HP: 19/19 MP: 0/0
   405 | D:1      | Reached XP level 2. HP: 21/24 MP: 1/1
   609 | D:1      | Reached skill level 5 in Unarmed Combat
  1033 | D:2      | Reached XP level 3. HP: 31/31 MP: 2/2
  1288 | D:2      | Reached skill level 6 in Unarmed Combat
  1288 | D:2      | Reached XP level 4. HP: 33/37 MP: 3/3
  1336 | D:2      | Noticed Robin
  1348 | D:2      | Killed Robin
  1580 | D:3      | Found a sacrificial altar of Ru.
  1583 | D:3      | Reached XP level 5. HP: 3/45 MP: 4/4
  1800 | D:3      | Found a shattered altar of Ashenzari.
  1801 | D:3      | Found a shadowy altar of Dithmenos.
  2006 | D:3      | Noticed Terence
  2019 | D:3      | Killed Terence
  2019 | D:3      | Reached skill level 7 in Unarmed Combat
  2132 | D:3      | Noticed Crazy Yiuf
  2138 | D:3      | Killed Crazy Yiuf
  2138 | D:3      | Reached skill level 1 in Armour
  2318 | D:3      | Noticed an angel
  2319 | D:3      | Found a glowing silver altar of Zin.
  2348 | D:3      | Reached XP level 6. HP: 41/51 MP: 5/5
  3259 | D:4      | Reached XP level 7. HP: 42/57 MP: 6/6
  3794 | D:4      | Reached skill level 5 in Armour
  3846 | D:5      | Entered Level 5 of the Dungeon
  4002 | D:5      | Reached skill level 5 in Fighting
  4105 | D:5      | Reached XP level 8. HP: 64/69 MP: 7/7
  4501 | D:5      | Found a bloodstained altar of Trog.
  4885 | D:6      | Noticed Dowan
  4886 | D:6      | Noticed Duvessa
  4894 | D:6      | Killed Duvessa
  4911 | D:6      | Killed Dowan
  4997 | D:6      | Noticed Pikel
  5165 | D:6      | Found a sand-covered staircase.
  5170 | Ossuary  | Entered an ossuary
  5704 | D:6      | Found a staircase to the Ecumenical Temple.
  5710 | Temple   | Entered the Ecumenical Temple
  5807 | Temple   | Became a worshipper of Makhleb the Destroyer
  5807 | Temple   | Acquired Makhleb's first power
  5807 | Temple   | Acquired Makhleb's second power
  5847 | D:6      | Reached skill level 1 in Invocations
  5905 | D:6      | Reached XP level 9. HP: 69/79 MP: 9/9
  5911 | D:6      | Found a snail-covered altar of Cheibriados.
  6360 | D:6      | Acquired Makhleb's third power
  6563 | D:6      | Acquired Makhleb's fourth power
  6988 | D:6      | Reached skill level 5 in Invocations
  7005 | D:7      | Got a pitted chain mail
  7016 | D:7      | Identified the +6 chain mail of the Good {rElec rF++ MR- Str+3} (You found it on level 7 of the Dungeon)
  7221 | D:7      | Found a sparkling altar of Nemelex Xobeh.
  7521 | D:7      | Reached skill level 8 in Unarmed Combat
  7575 | D:8      | Noticed Erica
  7751 | D:9      | Reached skill level 9 in Unarmed Combat
  7757 | D:9      | Reached XP level 10. HP: 86/86 MP: 14/14
  7962 | D:9      | Reached skill level 10 in Unarmed Combat
  8038 | D:9      | Found an ancient bone altar of Kikubaaqudgha.
  8096 | D:9      | Noticed herpmino's ghost (experienced OpFi)
  8233 | D:8      | Killed Erica
  8233 | D:8      | Reached skill level 11 in Unarmed Combat
  8904 | D:8      | Found a basalt altar of Yredelemnul.
  8954 | D:8      | Got an ancient shield
  8960 | D:8      | Identified the +2 shield "Tel Otte" {Dex+4} (You found it on level 8 of the Dungeon)
  9020 | D:8      | Reached skill level 1 in Shields
  9093 | D:8      | Acquired Makhleb's fifth power
  9173 | D:8      | Noticed a green ugly thing
  9192 | D:8      | Found a staircase to the Lair.
  9197 | Lair:1   | Entered Level 1 of the Lair of Beasts
  9337 | Lair:1   | Reached XP level 11. HP: 97/97 MP: 15/15
  9454 | Lair:1   | Reached skill level 5 in Shields
  9702 | Lair:1   | Found a frozen archway.
  9751 | IceCv    | Entered an ice cave
  9867 | IceCv    | Noticed an ice statue
  9978 | IceCv    | Killed an ice statue
 10217 | IceCv    | Reached XP level 12. HP: 104/104 MP: 16/16
 10327 | IceCv    | Reached skill level 5 in Dodging
 10493 | IceCv    | Noticed a frost giant
 10519 | IceCv    | Killed a frost giant
 11297 | D:8      | Killed a green ugly thing
 11789 | D:8      | Noticed a purple ugly thing
 11799 | D:8      | Killed a purple ugly thing
 11974 | D:9      | Killed herpmino's ghost
 12158 | Lair:1   | Noticed a black mamba
 12170 | Lair:1   | Killed a black mamba
 12170 | Lair:1   | Reached skill level 12 in Unarmed Combat
 12251 | Lair:2   | Upgraded the game from 0.17-a0-1442-g10bb59b to 0.17-a0-1446-gc28613e
 12274 | Lair:2   | Noticed Multipenetrator's ghost (powerful MiGl)
 12472 | D:5      | Killed Pikel
 12799 | Lair:2   | Reached skill level 13 in Unarmed Combat
 12831 | Lair:2   | Reached XP level 13. HP: 110/110 MP: 19/19
 13692 | Lair:3   | Found a dark tunnel.
 13769 | Volcano  | Entered a volcano
 14356 | Lair:3   | Reached skill level 1 in Evocations
 15220 | Lair:4   | Found a hole to the Spider Nest.
 15825 | Lair:5   | Noticed Josephine
 15834 | Lair:5   | Killed Josephine
 16755 | Lair:6   | Noticed ztt's ghost (powerful MiFi)
 17616 | Lair:1   | Reached skill level 14 in Unarmed Combat
 17992 | Lair:6   | Found a viscous altar of Jiyva.
 17992 | Lair:6   | Found a staircase to the Slime Pits.
 18074 | Lair:6   | Reached XP level 14. HP: 118/118 MP: 20/20
 18170 | Lair:6   | Killed ztt's ghost
 18442 | Lair:6   | Found a staircase to the Shoals.
 18708 | Lair:6   | Reached skill level 10 in Armour
 19205 | Lair:7   | Found a labyrinth entrance.
 20193 | Lair:8   | Entered Level 8 of the Lair of Beasts
 20513 | Lair:7   | Reached skill level 15 in Unarmed Combat
 20923 | Lair:8   | Reached skill level 16 in Unarmed Combat
 20935 | Lair:8   | Reached XP level 15. HP: 115/124 MP: 21/21
 20949 | Lair:8   | Found a burning altar of Makhleb.
 21039 | Lair:8   | Found a gateway to Hell.
 21604 | Lair:8   | Reached skill level 17 in Unarmed Combat
 22223 | Lair:2   | Killed Multipenetrator's ghost
 22579 | D:9      | Found a white marble altar of Elyvilon.
 22927 | D:10     | Entered Level 10 of the Dungeon
 22927 | D:10     | Noticed pulse's ghost (powerful HONe)
 22961 | D:10     | Killed pulse's ghost
 23257 | D:10     | Noticed Joseph
 23269 | D:10     | Killed Joseph
 24405 | D:11     | Reached skill level 10 in Fighting
 24872 | D:12     | Found a staircase to the Orcish Mines.
 25061 | D:12     | Noticed Rupert
 25132 | D:12     | Found Veamoot's Antique Armour Shoppe.
 25151 | D:12     | Bought a transparent scale mail for 333 gold pieces
 25181 | D:12     | Identified the +5 scale mail of the Lost Path {Int+5} (You bought it in a shop on level 12 of the Dungeon)
 25326 | Orc:1    | Entered Level 1 of the Orcish Mines
 25400 | Orc:1    | Found a roughly hewn altar of Beogh.
 25554 | Orc:1    | Found Codoegri's Antique Armour Shoppe.
 25657 | Orc:1    | Found Noaduh's Antique Armour Shop.
 25720 | Orc:1    | Found Koitow's Armour Boutique.
 26405 | Orc:2    | Found Xeokineg's Gadget Shoppe.
 26596 | Orc:2    | Found a roughly hewn altar of Beogh.
 26795 | Orc:3    | Found a roughly hewn altar of Beogh.
 26795 | Orc:3    | Found Fenigyl's Book Emporium.
 27024 | Orc:4    | Entered Level 4 of the Orcish Mines
 27039 | Orc:4    | Reached skill level 10 in Invocations
 27120 | Orc:4    | Found a staircase to the Elven Halls.
 27679 | Orc:4    | Reached XP level 16. HP: 137/137 MP: 23/23
 27943 | Orc:4    | Found Fuwk's Antique Armour Shop.
 27944 | Orc:4    | Found Mizanab's Antique Weapon Shop.
 27946 | Orc:4    | Found Ynlas's General Store.
 27946 | Orc:4    | Found Nayjolus's Book Boutique.
 27963 | Orc:4    | Bought a scroll of acquirement for 728 gold pieces
 27963 | Orc:4    | Bought a scroll of fog for 28 gold pieces
 29027 | Orc:4    | Found a roughly hewn altar of Beogh.
 29768 | D:13     | Found Vemurar's Gadget Boutique.
 29975 | D:13     | Reached skill level 10 in Shields
 30510 | D:13     | Found a gate to the Vaults.
 31467 | D:15     | Entered Level 15 of the Dungeon
 31623 | D:15     | Found a shadowy altar of Dithmenos.
 32639 | D:15     | Found a staircase to the Depths.
 33150 | Spider:1 | Entered Level 1 of the Spider Nest
 33682 | Spider:1 | Reached XP level 17. HP: 129/144 MP: 24/24
 33782 | Spider:1 | Reached skill level 18 in Unarmed Combat
 35800 | Spider:4 | Entered Level 4 of the Spider Nest
 36060 | Spider:3 | Noticed Agnes
 36071 | Spider:3 | Killed Agnes
 36437 | Spider:3 | Noticed Arachne
 37365 | Spider:4 | Reached skill level 5 in Evocations
 37519 | Spider:4 | Got a gossamer rune of Zot
 37834 | Spider:3 | Killed Arachne
 37834 | Spider:3 | Reached XP level 18. HP: 142/149 MP: 25/25
 38175 | Shoals:1 | Entered Level 1 of the Shoals
 38677 | Shoals:1 | Reached skill level 5 in Stealth
 40905 | Shoals:4 | Entered Level 4 of the Shoals
 41661 | Shoals:4 | HP: 5/151 [snapping turtle (11)]
 41662 | Shoals:4 | Slain by an alligator snapping turtle

Vault maps used:
D:1:      sevenhm_arrival_forest_fort_small_5, supply_closet_lemuel
D:2:      uniq_robin
D:3:      zin_angel, grunt_temple_overflow_open, uniq_crazy_yiuf_cottage,
          uniq_terence
D:4:      first_bread
D:5:      trog_book
D:6:      minmay_goblin_kobold_castle, minmay_temple_entry_hall,
          nicolae_ossuary_entry_false_entrances, chei_slow_surprise, uniq_pikel,
          uniq_duvessa
D:7:      basic_altar
D:8:      minmay_curly_fans, lemuel_mausoleum_altar_yredelemnul,
          grunt_lair_entry_elf_guard_hut, uniq_erica
D:9:      nicolae_overflow_crystal_walls, lemuel_zombie_altar_kikubaaqudgha
D:10:     serial_ice, serial_ice_k, serial_ice_f, serial_ice_o, serial_ice_c,
          serial_ice_b, serial_ice_h, hangedman_ranch, nrook_pool_corridor,
          uniq_joseph
D:12:     david_orc_1_choice, serial_shops, nicolae_shop_crystal, uniq_rupert
D:13:     hangedman_vaults_entry_quadrant_bands, serial_shops,
          nicolae_shop_temple_entry_statues_fountains
D:14:     minmay_door_square
D:15:     gammafunk_enter_depths_forms, grunt_dithmenos_smoke,
          hangedman_abyss_or_decor_jellyfish_corner
Temple:   jpeg_temple_clearing_12
Lair:1:   portal_ice_cave_entry_ice_beasts
Lair:2:   beast_lair_carwin_large_3, patterned_corridor
Lair:3:   nicolae_volcano_entry_lava_flow, st_stairs_5, beast_lair_carwin_6
Lair:4:   spider_nest_entry_web_field, serial_bayou_pond_d, serial_bayou_shore_a
Lair:5:   grunt_megastairs_2, lemuel_fruit_fields, uniq_josephine
Lair:6:   minmay_shoals_entry_lonely_mermaid, slime_altar_1,
          bh_autumn_forest_stairs
Lair:7:   lab_entry_generic
Lair:8:   evil_forest, serial_bayou_shore_b
Shoals:1: nicolae_shoals_wave_tunnel
Shoals:4: shoals_end_hangedman, shoal_ilsuiw, nicolae_shoals_loop_pool
Spider:1: zaba_anthell
Spider:3: uniq_arachne, uniq_agnes
Spider:4: grunt_spider_rune_circles, spider_trap
Orc:1:    nicolae_orc_accident_2, serial_shops, shop, shop,
          nicolae_shop_behind_doors
Orc:2:    serial_shops, nicolae_shop_waterfront, minmay_orc_temple_c
Orc:3:    basic_altar, serial_shops, nicolae_shop_statue_plus,
          nicolae_orc_pool_cavern
Orc:4:    st_orc_congregation, basic_altar
Ossuary:  ossuary_tomb_1
IceCv:    ice_cave_caverns_02
Volcano:  volcano_overflow

Action                   |  1- 3 |  4- 6 |  7- 9 | 10-12 | 13-15 | 16-18 || total
-------------------------+-------+-------+-------+-------+-------+-------++-------
Melee: Unarmed           |   108 |   189 |   737 |  1024 |  2721 |  2978 ||  7757
 Fire: Blowgun           |       |       |       |       |       |     6 ||     6
Invok: Lesser Servant of |       |       |       |     2 |     4 |     7 ||    13
       Major Destruction |       |       |       |     3 |    12 |    29 ||    44
Evoke: Lamp of fire      |       |       |       |     1 |       |       ||     1
  Use: Potion            |       |     1 |       |       |       |     8 ||     9
       Scroll            |       |     5 |     7 |     4 |    19 |    25 ||    60
 Stab: Fleeing           |       |       |       |     2 |       |       ||     2
       Distracted        |       |       |       |       |       |     4 ||     4
       Sleeping          |       |       |       |       |       |     2 ||     2
  Eat: Chunk             |     5 |     9 |    20 |    32 |    66 |    64 ||   196
       Beef jerky        |       |       |     1 |       |       |     1 ||     2
       Meat ration       |       |       |       |       |     1 |       ||     1
       Royal jelly       |       |       |       |       |     1 |     1 ||     2
